 Dungeon Crawl Stone Soup version 0.24-a0-355-gbe4061de67 (webtiles) character file.

Game seed: 11389966628418144915

2060 FawnyKate the Cleaver (level 9, -2/75 HPs)
             Began as a Hill Orc Fighter on May 24, 2019.
             Was an Initiate of Qazlal.
             Slain by an unseen horror (7 damage)
             ... on level 6 of the Dungeon.
             The game lasted 00:07:44 (5137 turns).

FawnyKate the Cleaver (Hill Orc Fighter)            Turns: 5137, Time: 00:07:45

Health: -2/75      AC: 12    Str: 22    XL:     9   Next: 25%
Magic:  9/9        EV:  6    Int:  8    God:    Qazlal [......]
Gold:   276        SH: 10    Dex: 10    Spells: 8/8 levels left

rFire    + . .     SeeInvis .   a - +0 war axe
rCold    . . .     Gourm    .   c - +0 shield
rNeg     . . .     Faith    .   J - +0 chain mail
rPois    .         Spirit   .   v - +0 helmet
rElec    .         Reflect  .   r - +0 cloak
rCorr    .         Harm     .   (no gloves)
MR       .....                  (no boots)
Stlth    ..........             (no amulet)
HPRegen  0.22/turn              s - ring of protection from fire
MPRegen  0.11/turn              (no ring)

@: no status effects
A: no striking features
a: Renounce Religion


You were on level 6 of the Dungeon.
You worshipped Qazlal.
Qazlal was noncommittal.
You were not hungry.

You visited 2 branches of the dungeon, and saw 8 of its levels.

You collected 276 gold pieces.

Inventory:

Hand Weapons
 a - a +0 war axe (weapon)
Missiles
 p - 9 boomerangs
 x - 56 poisoned darts (quivered)
Armour
 b - a +0 scale mail
 c - a +0 shield (worn)
 r - a +0 cloak (worn)
 v - a +0 helmet (worn)
 J - a +0 chain mail (worn)
 K - a +0 chain mail
Jewellery
 s - a ring of protection from fire (left hand)
Wands
 B - a wand of digging (8)
 C - a wand of flame (20)
Scrolls
 g - a scroll of magic mapping {unknown}
 h - a scroll of enchant weapon {unknown}
 i - a scroll of random uselessness {unknown}
 k - 3 scrolls of remove curse {unknown}
 l - 2 scrolls of teleportation {unknown}
 m - a scroll of amnesia {unknown}
 o - 8 scrolls of identify {unknown}
 t - a scroll of fear {unknown}
 u - a scroll of enchant armour {unknown}
 y - 3 scrolls of blinking {unknown}
 H - a scroll of vulnerability {unknown}
Potions
 d - a potion of curing {unknown}
 e - 3 potions of lignification {unknown}
 j - a potion of magic {unknown}
 n - a potion of haste {unknown}
 q - a potion of degeneration {unknown}
 w - a potion of cancellation {unknown}
 z - 2 potions of flight {unknown}
 A - a potion of invisibility {unknown}
 D - 3 potions of berserk rage {unknown}
 F - a potion of brilliance {unknown}
 G - a potion of experience {unknown}
 I - a potion of agility {unknown}
Comestibles
 f - 6 rations
 E - 7 chunks of flesh


   Skills:
 + Level 6.3 Fighting
 + Level 12.2 Axes
 + Level 5.6 Armour
 + Level 5.4 Shields


You had 8 spell levels left.
You didn't know any spells.
Your spell library was empty.

Dungeon Overview and Level Annotations

Branches:
Dungeon (7/15)             Temple (1/1) D:6

Altars:
Cheibriados
Fedhas
Hepliaklqana
Qazlal
Sif Muna
Trog
Uskayaw
Vehumet
Wu Jian
Xom
Zin
The Shining One

Shops:
D:4 [

Annotations:
D:5 exclusion: downstairs


Message History

You swing at nothing.
Something hits you!
You miss something. Something hits you.
You swing at nothing.
Something hits you.
You completely miss something. Something hits you.
* * * LOW HITPOINT WARNING * * *
You swing at nothing.
Something hits you but does no damage. x2
You barely miss something. Something hits you but does no damage.
You swing at nothing.
Something hits you but does no damage.
You swing at nothing.
Something hits you but does no damage.
You barely miss something. Something hits you.
* * * LOW HITPOINT WARNING * * *
You swing at nothing.
Something hits you but does no damage. Something hits you!
* * * LOW HITPOINT WARNING * * *
You hit something. Something hits you but does no damage.
You closely miss something. Something hits you!
* * * LOW HITPOINT WARNING * * *
You swing at nothing.
You barely miss something. Something hits you!
You die...

...#####..........#.)......#
...# #..........#........#
...#####............รท.######
.......'...........>..# #
...#####.........(....# #
...# #..............#########
# ...#
#......[().....##......# ...#
#####...#)##...##.####.# ...#
#...#@##...##.#..#.# ...#
#...#.###...#.#....# ####
#...#.....#.#.##...###
#..<#.....#.#.........
#...#..............##.
#...#.....##.##)...##.
###...#......#..#.#.###.
#......).....##.#<#(###.
#.............#.###.....


There were no monsters in sight!

Vanquished Creatures
  2 hippogriffs (D:6)
  Sigmund (D:2)
  Menkaure (D:6)
  An orc warrior (D:6)
  An ice beast (D:5)
  3 ogres
  A centaur (D:6)
  2 bullfrogs (D:6)
  A scorpion (D:4)
  2 howler monkeys
  2 crimson imps (D:5)
  An orc priest (D:6)
  2 orc wizards (D:6)
  A bullfrog skeleton (D:6)
  A centaur skeleton (D:7)
  2 iguanas
  Natasha (thrice) (D:2)
  4 worker ants
  A hound skeleton (D:5)
  11 adders
  4 gnolls (D:6)
  2 oozes
  3 adder skeletons
  A dart slug (D:1)
  2 leopard geckos
  11 orcs
  A ball python (D:3)
  4 giant cockroaches
  7 goblins
  6 hobgoblins
  7 jackals
  3 quokkas
  8 bats
  3 frilled lizards
  7 kobolds
  A leopard gecko zombie (D:5)
  A quokka skeleton (D:5)
  4 rats
118 creatures vanquished.

Notes
Turn   | Place    | Note
-------+----------+-------------------------------------------
     0 | D:1      | FawnyKate the Hill Orc Fighter began the quest for the Orb.
     0 | D:1      | Reached XP level 1. HP: 19/19 MP: 1/1
    34 | D:1      | Reached skill level 3 in Axes
   179 | D:1      | Reached XP level 2. HP: 26/26 MP: 2/2
   263 | D:1      | Reached skill level 4 in Axes
   445 | D:1      | Reached XP level 3. HP: 29/31 MP: 3/3
   673 | D:2      | Noticed Sigmund
   683 | D:2      | Killed Sigmund
   683 | D:2      | Reached skill level 7 in Axes
   683 | D:2      | Reached XP level 4. HP: 21/39 MP: 4/4
   683 | D:2      | Reached XP level 5. HP: 25/45 MP: 5/5
  1000 | D:2      | Noticed Natasha
  1004 | D:2      | Killed Natasha
  1004 | D:2      | Reached skill level 8 in Axes
  1004 | D:2      | Reached XP level 6. HP: 51/51 MP: 6/6
  1227 | D:2      | Noticed Natasha
  1235 | D:2      | Killed Natasha
  1273 | D:2      | Noticed Natasha
  1277 | D:2      | Killed Natasha
  2166 | D:4      | Reached skill level 9 in Axes
  2439 | D:4      | Reached XP level 7. HP: 40/58 MP: 7/7
  2935 | D:4      | Found Zusyqawn's Antique Armour Shop.
  2956 | D:4      | Found a radiant altar of Vehumet.
  3198 | D:4      | Reached skill level 10 in Axes
  3231 | D:5      | Entered Level 5 of the Dungeon
  3284 | D:5      | Reached XP level 8. HP: 59/67 MP: 8/8
  3385 | D:5      | Found a blossoming altar of Fedhas.
  3644 | D:6      | Noticed a hippogriff
  3658 | D:6      | Killed a hippogriff
  3658 | D:6      | Reached skill level 5 in Fighting
  3658 | D:6      | Reached skill level 11 in Axes
  3733 | D:6      | Noticed Menkaure
  3749 | D:6      | Killed Menkaure
  3964 | D:6      | Reached skill level 5 in Armour
  4012 | D:6      | Found a staircase to the Ecumenical Temple.
  4068 | Temple   | Entered the Ecumenical Temple
  4100 | Temple   | Became a worshipper of Qazlal Stormbringer
  4401 | D:6      | Reached skill level 5 in Shields
  4405 | D:6      | Reached XP level 9. HP: 50/75 MP: 9/9
  4813 | D:6      | Reached skill level 12 in Axes
  5137 | D:6      | Slain by an unseen horror

Levels and vault maps discovered:
D:1:      dpeg_arrival_simpleton_b, layout_rooms
D:2:      layout_loops_corners, uniq_natasha, uniq_sigmund
D:3:      layout_basic
D:4:      layout_loops_cross, serial_shops, nicolae_shop_behind_doors,
          vehumet_altar_wand_db
D:5:      layout_basic, fedhas_altar_2, first_ration
D:6:      layout_basic, temple_green, uniq_menkaure
D:7:      layout_basic, columned_hall_lemuel
Temple:   regret_index_temple_mists

Skill      XL: |  1  2  3  4  5  6  7  8  9 |
---------------+----------------------------+-----
Axes           | 3 4 7 8 9 10 11 12 | 12.2
Fighting       | 4 5 6 |  6.3
Armour         | 4 5 |  5.6
Shields        | 5 |  5.4

Action                   |  1- 3 |  4- 6 |  7- 9 || total
-------------------------+-------+-------+-------++-------
Melee: War axe           |    60 |   123 |   200 ||   383
  Use: Potion            |     1 |       |       ||     1
  Eat: Chunk             |       |     5 |     9 ||    14
Armor: Scale mail        |    38 |    37 |    57 ||   132
       Chain mail        |       |       |    32 ||    32
Dodge: Dodged            |    24 |    33 |    48 ||   105
Block: Shield            |    35 |    60 |    89 ||   184

Table legend:
 A = Non-vault XP
 B = Vault XP
 C = Vault XP percentage of total XP
 D = Non-vault monster count
 E = Vault monster count
 F = Vault count percentage of total count
                 A         B        C        D         E       F
            +---------+---------+-------+---------+---------+-------
      Total |    2522 |     421 |  14.3 |     114 |       4 |   3.4
            +---------+---------+-------+---------+---------+-------
        D:1 |      39 |       0 |   0.0 |      19 |       0 |   0.0
        D:2 |     156 |     247 |  61.3 |      22 |       2 |   8.3
        D:3 |      38 |       0 |   0.0 |      15 |       0 |   0.0
        D:4 |     490 |       2 |   0.4 |      14 |       1 |   6.7
        D:5 |     512 |       0 |   0.0 |      15 |       0 |   0.0
        D:6 |    1248 |     172 |  12.1 |      28 |       1 |   3.4
        D:7 |      39 |       0 |   0.0 |       1 |       0 |   0.0
            +---------+---------+-------+---------+---------+-------
